 Dungeon Crawl Stone Soup version 0.20.2-3-g29329e0561 (webtiles) character file.

847 Alfie the Shield-Bearer (level 8, -4/68 HPs)
             Began as a Hill Orc Fighter on Aug 19, 2022.
             Splashed by a jelly's acid (5 damage)
             ... on level 5 of the Dungeon.
             The game lasted 00:12:09 (3266 turns).

Alfie the Shield-Bearer (Hill Orc Fighter)          Turns: 3266, Time: 00:12:12

Health: -4/68      AC: -1    Str: 20    XL:     8   Next: 0%
Magic:  8/8        EV:  8    Int:  9    God:
Gold:   175        SH: 11    Dex: 10    Spells: 7/7 levels left

rFire    + . .     SeeInvis .   a - +0 rapier
rCold    . . .     Gourm    .   c - +1 shield
rNeg     . . .     Faith    .   b - +1 scale mail
rPois    .         Spirit   .   (no helmet)
rElec    .         Reflect  .   o - +1 cloak
rCorr    .         Harm     .   (no gloves)
MR       .....                  (no boots)
Stlth    ..........             (no amulet)
Regen    0.3/turn               k - ring of protection from fire
MPRegen  0.2/turn               (no ring)

@: corroded
A: no striking features
a: no special abilities


You were on level 5 of the Dungeon.
You were not hungry.

You visited 1 branch of the dungeon, and saw 5 of its levels.

You collected 175 gold pieces.

Inventory:

Hand Weapons
 a - a +0 rapier (weapon)
Missiles
 q - 5 tomahawks (quivered)
Armour
 b - a +1 scale mail (worn)
 c - a +1 shield (worn)
 o - a +1 cloak (worn)
Jewellery
 k - a ring of protection from fire (left hand)
 l - an uncursed ring of positive energy
Wands
 j - a wand of iceblast (6/15)
Scrolls
 d - 4 scrolls of teleportation
 e - 2 scrolls of magic mapping
 g - a scroll of fog
 m - a scroll of identify
 n - 2 scrolls of amnesia {unknown}
 p - a scroll of remove curse {unknown}
Potions
 i - a potion of curing
 r - a potion of agility {unknown}
 s - a potion of cancellation {unknown}
Comestibles
 f - 4 bread rations
 h - 5 meat rations


   Skills:
 + Level 5.2 Fighting
 + Level 5.4 Short Blades
 + Level 0.3 Throwing
 + Level 4.8 Armour
 + Level 1.9 Dodging
 + Level 5.9 Shields


You had 7 spell levels left.
You didn't know any spells.

Dungeon Overview and Level Annotations

Branches:
Dungeon (5/15)
 Temple: D:4-7

Altars:
Fedhas
Makhleb
Qazlal
Trog
Yredelemnul

Shops:
D:4 (

Annotations:
D:4 Menkaure


Message History

You hit the jelly but do no damage.
Your hands burn!
* * * LOW HITPOINT WARNING * * *
The jelly is heavily wounded.
The jelly hits you but does no damage.
You hit the jelly but do no damage.
Your hands burn!
* * * LOW HITPOINT WARNING * * *
The jelly is heavily wounded.
You block the jelly's attack.
You feel better. The jelly hits you but does no damage.
You hit the jelly but do no damage. The acid corrodes you!
Your hands burn!
* * * LOW HITPOINT WARNING * * *
The jelly is heavily wounded.
You block the jelly's attack.
You hit the jelly but do no damage.
Your hands burn!
* * * LOW HITPOINT WARNING * * *
The jelly is heavily wounded.
The jelly hits you.
* * * LOW HITPOINT WARNING * * *
You are splashed with acid!
The acid burns!
You die...

#.. #..########.
#..#........
#...........
#........... #. #
#........... #.##
#...J.[.[... #.##
#...@.......#. #.##
#...........#.. #.##
##.#..#'######.##.# #.##
........######.##..##.##
####....................
##.######.#.###..#.## #.
#.#.# #.>.... #. #.#.#
#.##.## # #.#.###.##.##


You could see a jelly.

Vanquished Creatures
  The ghost of Alfie the Cutter, a novice HOFi (D:4)
  A scorpion (D:5)
  A howler monkey (D:4)
  A bullfrog skeleton (D:3)
  4 hounds
  2 orc priests (D:4)
  3 orc wizards
  An iguana (D:4)
  2 adders
  3 gnolls (D:4)
  2 oozes
  An adder skeleton (D:4)
  2 dart slugs
  A leopard gecko (D:2)
  13 orcs
  3 ball pythons
  A giant cockroach (D:4)
  6 goblins
  8 hobgoblins
  4 jackals (D:2)
  2 kobolds
  4 quokkas
  2 bats (D:2)
  3 frilled lizards
  13 rats
  A spectral orc (D:4)
85 creatures vanquished.

Notes
Turn   | Place    | Note
-------+----------+-------------------------------------------
     0 | D:1      | Alfie the Hill Orc Fighter began the quest for the Orb.
     0 | D:1      | Reached XP level 1. HP: 19/19 MP: 1/1
   417 | D:1      | Reached XP level 2. HP: 21/27 MP: 2/2
   685 | D:2      | Reached XP level 3. HP: 28/33 MP: 3/3
  1254 | D:2      | Found a burning altar of Makhleb.
  1266 | D:2      | Reached XP level 4. HP: 35/41 MP: 4/4
  1654 | D:3      | Reached XP level 5. HP: 47/47 MP: 5/5
  1835 | D:3      | Found a stormy altar of Qazlal.
  1837 | D:3      | Found a blossoming altar of Fedhas.
  2349 | D:4      | Reached XP level 6. HP: 26/53 MP: 6/6
  2378 | D:4      | Noticed Menkaure
  2496 | D:4      | Noticed Alfie's ghost (novice HOFi)
  2523 | D:4      | Killed Alfie's ghost
  2523 | D:4      | Reached skill level 5 in Fighting
  2523 | D:4      | Reached skill level 5 in Short Blades
  2523 | D:4      | Reached skill level 1 in Dodging
  2523 | D:4      | Reached skill level 5 in Shields
  2523 | D:4      | Reached XP level 7. HP: 23/61 MP: 7/7
  2532 | D:4      | Found Jonu Xoul's Antique Weapon Shoppe.
  2719 | D:4      | Found a bloodstained altar of Trog.
  2798 | D:4      | Found a basalt altar of Yredelemnul.
  3120 | D:5      | Entered Level 5 of the Dungeon
  3163 | D:5      | Reached XP level 8. HP: 52/68 MP: 8/8
  3263 | D:5      | HP: 1/68 [acid (5)]
  3266 | D:5      | Splashed by a jelly's acid

Skill      XL: |  1  2  3  4  5  6 |
---------------+-------------------+-----
Fighting       | 4 5 |  5.2
Short Blades   | 3 4 5 |  5.4
Shields        | 4 5 |  5.9
Armour         | 4 |  4.8
Dodging        | 1 |  1.9
Throwing       | |  0.3

Action                   |  1- 3 |  4- 6 |  7- 9 || total
-------------------------+-------+-------+-------++-------
Melee: Rapier            |   101 |   205 |    84 ||   390
Throw: Tomahawk          |       |     7 |       ||     7
  Use: Scroll            |     5 |     1 |     4 ||    10
       Potion            |       |     4 |     1 ||     5
  Eat: Fruit             |     1 |     3 |       ||     4
       Bread ration      |       |     1 |       ||     1
Armor: Scale mail        |    47 |    62 |    26 ||   135
Dodge: Dodged            |    23 |    41 |    14 ||    78
Block: Shield            |    58 |    83 |    31 ||   172
